 Dungeon Crawl Stone Soup version 0.30-a0-760-g5a9884bb7c (webtiles) character file.

Game seed: 3513617854767058144

1166335 Valamore the Stormcaller (level 22, 83/113 HPs)
             Began as a Felid Venom Mage on Feb 10, 2023.
             Was the Champion of Vehumet.
             Escaped with the Orb
             ... and 3 runes on Feb 11, 2023!
             The game lasted 05:28:42 (124382 turns).

Valamore the Stormcaller (Felid Venom Mage)       Turns: 124382, Time: 05:28:42

Health: 83/113     AC: 18    Str:  6    XL:     22   Next: 95%
Magic:  34/44      EV: 44    Int: 31    God:    Vehumet [******]
Gold:   5623       SH:  0    Dex: 21    Spells: 2/55 levels left
                                        Lives:  2   Deaths: 5

rFire   + . .      SeeInvis +      - Unarmed
rCold   + + .      Faith    .    (shield unavailable)
rNeg    . . .      Spirit   .    (body armour unavailable)
rPois   ∞          Reflect  .    (helmet unavailable)
rElec   +          Harm     .    (cloak unavailable)
rCorr   .          Rampage  .    (gloves unavailable)
Will    +++..                    (boots unavailable)
Stlth   +++                      i - amulet of Doahopsele {RegenMP rC++ Str+2}
HPRegen 0.38/turn                s - +6 ring of intelligence
MPRegen 0.69/turn                p - ring "Zuossa" {rF+ EV+5}

@: storm-form, flying, slightly contaminated
A: cleaving, insubstantial, flying, very small, (claws 1), (fangs 3), see
invisible, (speed 1), (shaggy fur 3), (stealthy paws), no weapons or thrown
items, no armour, multi-lived, thin skeletal structure 1, robust 1, noise
suppression
0: Orb of Zot
}: 3/15 runes: decaying, slimy, gossamer
a: Blinkbolt, End Transformation, Renounce Religion


You escaped.
You worshipped Vehumet.
Vehumet was exalted by your worship.
You were a lightning-filled tempest!
You visited 12 branches of the dungeon, and saw 54 of its levels.
You visited 1 bazaar.
You visited 1 ziggurat, and saw 5 of its levels.
You also visited: Bailey and Volcano.

You collected 8832 gold pieces.
You spent 3209 gold pieces at shops.

Inventory:

Jewellery
 i - the amulet of Doahopsele (around neck) {RegenMP rC++ Str+2}
   (You acquired it on level 4 of the Swamp)

   [amulet of magic regeneration]

   It increases your rate of magic regeneration.
   Str:       It affects your strength (+2).
   rC:        It greatly protects you from cold.
 k - a ring of the Octopus King {rCorr HP+2 AC+2 EV+2 SH+2}
   (You took it off a vault sentinel on level 2 of the Vaults)

   [ring of resist corrosion]

   AC:        It affects your AC (+2).
   EV:        It affects your evasion (+2).
   HP:        It affects your health (+2).
   rCorr:     It protects you from acid and corrosion.
   SH:        It affects your SH (+2).
 p - the ring "Zuossa" (right paw) {rF+ EV+5}
   (You found it on level 4 of a ziggurat)

   [ring of evasion]

   EV:        It affects your evasion (+5).
   rF:        It protects you from fire.
 s - a +6 ring of intelligence (left paw)
 u - a +5 ring of evasion
 A - a ring of flight
 I - a ring of protection from fire
 J - the ring "Katen" {rN+ MP+9 Slay+3}
   (You found it on level 9 of the Dungeon)

   [ring of magical power]

   Slay:      It affects your accuracy & damage with ranged weapons and melee
   (+3).
   rN:        It protects you from negative energy.
   MP:        It affects your magic capacity (+9).
 K - a +6 ring of intelligence
 R - a ring of protection from cold
 S - a ring of willpower
 Y - a ring of protection from cold
 Z - a ring of poison resistance
Wands
 v - a wand of digging (2)
 E - a wand of flame (76)
 F - a wand of charming (42)
 G - a wand of quicksilver (16)
 N - a wand of iceblast (22)
 O - a wand of polymorph (31)
 P - a wand of mindburst (26)
Scrolls
 f - 15 scrolls of fog
 j - 14 scrolls of immolation
 n - 6 scrolls of vulnerability
 o - 9 scrolls of fear
 t - 14 scrolls of teleportation
 y - 11 scrolls of poison
 z - a scroll of blinking
 D - 3 scrolls of amnesia
 L - 2 scrolls of magic mapping
 Q - 2 scrolls of butterflies
 V - a scroll of torment
 X - 3 scrolls of identify
Potions
 a - 7 potions of magic
 b - 12 potions of lignification
 g - 16 potions of flight
 h - 2 potions of haste
 l - 23 potions of curing
 m - 5 potions of might
 q - 14 potions of ambrosia
 r - 8 potions of resistance
 w - 4 potions of heal wounds
 B - 9 potions of mutation
 H - 15 potions of brilliance
 M - 4 potions of attraction
 T - 7 potions of invisibility
 U - a potion of cancellation
Miscellaneous
 c - a condenser vane
 d - a phial of floods
 e - a box of beasts
 x - a tin of tremorstones (2/2)
 C - a phantom mirror
 W - a lightning rod (4/4)


   Skills:
 - Level 14.1 Fighting
 - Level 15.5 Dodging
 - Level 14.0 Stealth
 - Level 8.0 Unarmed Combat
 - Level 17.0 Spellcasting
 + Level 19.6 Conjurations
 - Level 10.0 Transmutations
 - Level 3.0 Fire Magic
 - Level 14.0 Ice Magic
 + Level 19.8 Air Magic
 - Level 13.0 Earth Magic
 - Level 8.0 Poison Magic
 - Level 7.0 Evocations


You had 2 spell levels left.
You knew the following spells:

 Your Spells              Type           Power      Damage    Failure   Level
a - Sting                 Tmut/Pois      100%       1d8       1%          1
b - Poisonous Vapours     Pois/Air       100%       N/A       0%          2
c - Maxwell's Capacitive  Air            49%        ∞         1%          8
d - Orb of Destruction    Conj           49%        9d13      1%          7
e - Foxfire               Conj/Fire      100%       2x1d9     0%          1
f - Storm Form            Tmut/Air       43%        N/A       3%          7
g - Irradiate             Conj/Tmut      43%        3d26      1%          5
h - Iron Shot             Conj/Erth      45%        9d9       1%          6
j - Freezing Cloud        Conj/Ice/Air   47%        6-21      1%          5
k - Ozocubu's Refrigerat  Ice            42%        4d16      1%          7
l - Iskenderun's Mystic   Conj/Tloc      72%        2d15      1%          4

Your spell library contained the following spells:

 Spells                   Type           Power      Damage    Failure   Level
 Chain Lightning          Conj/Air       49%        3d66      13%         9
 Polar Vortex             Ice            42%        N/A       75%         9
 Fire Storm               Conj/Fire      38%        8d10      97%         9
 Freeze                   Ice            100%       1d10      0%          1
 Magic Dart               Conj           100%       1d8       0%          1
 Sandblast                Erth           100%       2d20      0%          1
 Shock                    Conj/Air       100%       1d9       0%          1
 Searing Ray              Conj           100%       2d8       0%          2
 Static Discharge         Conj/Air       100%       2-7/arc   0%          2
 Apportation              Tloc           52%        N/A       1%          1
 Beastly Appendage        Tmut           100%       N/A       1%          1
 Kiss of Death            Conj/Necr      100%       2d13      1%          1
 Necrotise                Necr           100%       1d9       1%          1
 Summon Small Mammal      Summ           100%       N/A       1%          1
 Cigotuvi's Dreadful Rot  Necr/Pois/Air  100%       N/A       1%          2
 Ensorcelled Hibernation  Hex/Ice        100%       N/A       1%          2
 Passwall                 Tmut/Erth      65%        N/A       1%          2
 Wereblood                Tmut           73%        N/A       1%          2
 Call Imp                 Summ           26%        N/A       2%          2
 Frozen Ramparts          Ice            100%       1d16      0%          3
 Hailstorm                Conj/Ice       92%        3d18      0%          3
 Mephitic Cloud           Conj/Pois/Air  90%        N/A       0%          3
 Ozocubu's Armour         Ice            85%        N/A       0%          3
 Stone Arrow              Conj/Erth      100%       3d13      0%          3
 Swiftness                Air            99%        N/A       0%          3
 Airstrike                Air            49%        2d(8-24)  0%          4
 Arcjolt                  Conj/Air       49%        1d59      0%          5
 Iskenderun's Battlesphe  Conj           99%        2d15      0%          5
 Lightning Bolt           Conj/Air       49%        1d70      0%          5
 Ignite Poison            Fire/Tmut/Pois 63%        N/A       1%          3
 Inner Flame              Hex/Fire       35%        N/A       1%          3
 Kindle Blastsparks       Fire/Tloc/Air  100%       2d18      1%          3
 Spider Form              Tmut/Pois      70%        N/A       1%          3
 Vhi's Electric Charge    Tloc/Air       100%       N/A       1%          3
 Fulminant Prism          Conj/Hex       36%        3d17      1%          4
 Ice Form                 Ice/Tmut       79%        N/A       1%          4
 Leda's Liquefaction      Hex/Erth       30%        N/A       1%          4
 Olgreb's Toxic Radiance  Pois           66%        N/A       1%          4
 Sticky Flame             Conj/Fire      77%        2d9       1%          4
 Summon Ice Beast         Ice/Summ       63%        N/A       1%          4
 Summon Lightning Spire   Summ/Air       73%        N/A       1%          4
 Alistair's Intoxication  Tmut/Pois      46%        N/A       1%          5
 Blade Hands              Tmut           36%        N/A       1%          5
 Fireball                 Conj/Fire      38%        3d16      1%          5
 Lee's Rapid Deconstruct  Erth           41%        3d20*     1%          5
 Silence                  Hex/Air        36%        N/A       1%          5
 Yara's Violent Unravell  Hex/Tmut       27%        3d12      1%          5
 Conjure Ball Lightning   Conj/Air       49%        3x3d17    1%          6
 Eringya's Noxious Bog    Tmut/Pois      35%        N/A       1%          6
 Statue Form              Tmut/Erth      52%        N/A       2%          6
 Lehudib's Crystal Spear  Conj/Erth      45%        10d11     3%          8
 Call Canine Familiar     Summ           26%        N/A       4%          3
 Confusing Touch          Hex            26%        N/A       4%          3
 Summon Guardian Golem    Hex/Summ       26%        N/A       4%          3
 Simulacrum               Ice/Necr       31%        N/A       14%         6
 Anguish                  Hex/Necr       13%        N/A       16%         4
 Animate Dead             Necr           26%        N/A       16%         4
 Cause Fear               Hex            13%        N/A       16%         4
 Dispel Undead            Necr           26%        3d13      16%         4
 Manifold Assault         Tloc           26%        N/A       16%         4
 Dragon Form              Tmut           36%        N/A       22%         7
 Summon Forest            Summ/Tloc      13%        N/A       41%         5
 Shatter                  Erth           41%        3d32*     86%         9
 Death Channel            Necr           13%        N/A       94%         6
 Dispersal                Tloc           13%        N/A       94%         6
 Ignition                 Fire           22%        3d8       99%         8
 Summon Hydra             Summ           13%        N/A       100%        7
 Borgnjor's Revivificati  Necr           13%        N/A       100%        8
 Discord                  Hex            13%        N/A       100%        8
 Disjunction              Tloc           13%        N/A       100%        8
 Necromutation            Tmut/Necr      27%        N/A       100%        8
 Death's Door             Necr           13%        N/A       100%        9


Dungeon Overview and Level Annotations

Branches:
Dungeon (15/15)            Temple (1/1) D:4            Lair (5/5) D:11
  Swamp (4/4) Lair:3       Spider (4/4) Lair:3        Slime (5/5) Lair:5
    Orc (2/2) D:12            Elf (3/3) Orc:2        Vaults (4/5) D:13
  Crypt (2/3) Vaults:3     Depths (4/4) D:15            Zot (5/5) Depths:4
 Bailey (visited)         Volcano (visited)

Altars:
Ashenzari
Cheibriados
Dithmenos
Elyvilon
Fedhas
Gozag
Hepliaklqana
Kikubaaqudgha
Makhleb
Nemelex Xobeh
Okawaru
Qazlal
Ru
Sif Muna
Trog
Uskayaw
Vehumet
Wu Jian
Xom
Yredelemnul
Zin
The Shining One
Jiyva
Lugonu

Shops:
D:3 *   D:10 (   Orc:2 ((*[   Elf:1 =??[(   Elf:2 *   Vaults:2 !(   Vaults:3 *
Depths:1 (:[

Portals:
Hell: Depths:1 Depths:2 Depths:3 Depths:4
Abyss: Depths:1 Depths:3 Depths:4
Pandemonium: Depths:2

Annotations:
D:4 Dowan
D:5 exclusion: 2 ice beasts
Temple 2 transporters
Lair:3 Rupert
Lair:5 exclusion: oklob plant
Swamp:3 Aizul
Orc:1 2 transporters
Elf:1 Roxanne
Elf:2 3 runed translucent doors
Crypt:2 Mennas
Depths:2 exclusion: door
Depths:4 1 runed translucent door
Zot:4 Boris


Innate Abilities, Weirdness & Mutations

You are a lightning-filled tempest!
Your electrical attacks strike out in all directions at once.
You are incredibly evasive.
Your insubstantial body is immune to petrification, constriction, and being set on fire You are flying.
You are immune to poison.
((You have sharp claws.))
((You have razor-sharp teeth.))
You have supernaturally acute eyesight. (SInv)
((You cover ground quickly. (Speed+)))
((Your thick and shaggy fur keeps you warm. (AC +3, rC+)))
((Your paws help you pounce on unaware monsters.))
You are incapable of wielding weapons or throwing items.
You cannot wear armour.
You gain extra lives every three experience levels.
You have a somewhat thin skeletal structure. (Dex +2, Stealth+)
You are robust. (+10% HP)
You passively dampen the noise of your surroundings.


Message History

There is a stone staircase leading down here.
Things that are here:
a +0 dagger; a +0 sling
Things that are here:
a +0 helmet; a +0 animal skin; a +0 spear HP restored.
Magic restored.
There is a stone staircase leading up here.
You climb upwards.
There is a stone staircase leading down here.
An Orb Guardian comes into view.
Casting: Iron Shot (mildly dangerous; 1% risk of failure)
Confirm with . or Enter, or press ? or * to list all spells.
You turn into a lightning-filled tempest!
The Orb Guardian completely misses you.
Casting: Storm Form (dangerous; 3% risk of failure)
Confirm with . or Enter, or press ? or * to list all spells.
You erupt in a fountain of uncontrolled magic!
The Orb Guardian is blasted with magical radiation!!
The Orb Guardian is moderately wounded.
You are very lightly contaminated with residual magic.
The Orb Guardian hits you!!
Casting: Irradiate (safe; 1% risk of failure)
Confirm with . or Enter, or press ? or * to list all spells.
You erupt in a fountain of uncontrolled magic!
The Orb Guardian is blasted with magical radiation!!!
The Orb Guardian is almost dead.
You are lightly contaminated with residual magic.
The Orb Guardian hits you but does no damage.
The Orb Guardian hits you.
Casting: Irradiate (safe; 1% risk of failure)
Confirm with . or Enter, or press ? or * to list all spells.
Really cast Irradiate?
Okay, then.
You batter the Orb Guardian!!
You kill the Orb Guardian!
Vehumet accepts your kill.
You feel your power returning.
There is a staircase leading out of the dungeon here.
You have escaped!

#.# #.# ##.## #####.##########
##...###..............#
#............########.###### #
####...####.#### ######...####
...............######..##.###.##.
#####.#####.####..##.#.#.## #####
............# #....###..# ####..
#####.#.##.#####v.###.#..###...##
#.#.##...†.#....##.##.##.##.#
#.#.########..##.(.##...####.
#.#.# ################## #.#.#
#...# #.## #.#.# #.#.# #.#. #.#.#
#...# #).. #.#.# #..#####.#†
#.#.# #........#.


There were no monsters in sight!

Vanquished Creatures
  the Royal Jelly (Slime:5)
  5 dread liches
  5 orbs of fire
  A juggernaut (Zig:4)
  Sojobo (Depths:4)
  Vv (Depths:4)
  Boris (Depths:4)
  8 Killer Klowns
  Saint Roka (Vaults:3)
  4 curse toes
  Jory (Vaults:3)
  12 golden dragons
  Nikola (Elf:1)
  2 electric golems
  3 liches
  26 Orb Guardians
  10 tentacled monstrosities
  2 deep elf blademasters (Elf:3)
  5 quicksilver dragons
  13 acid blobs
  3 titans
  2 deep elf master archers (Elf:3)
  An ancient champion (Crypt:1)
  8 shadow dragons
  Gastronok (Orc:1)
  A thorn hunter (Swamp:4)
  6 tengu reavers
  6 sphinxes
  A revenant (Crypt:2)
  13 azure jellies
  6 death cobs
  11 rockslimes
  7 storm dragons
  10 draconian monks
  5 draconian knights
  2 emperor scorpions (Spider:4)
  3 deep elf sorcerers
  5 vault wardens
  5 fire giants
  2 iron dragons
  5 frost giants
  5 draconian scorchers
  4 deep elf elementalists (Elf:3)
  9 ghost moths
  An angel (Depths:1)
  A caustic shrike skeleton (D:15)
  2 spriggan defenders
  A broodmother (Spider:4)
  3 cacodemons (Depths:2)
  3 draconian shifters
  2 orc warlords (Orc:1)
  11 very ugly things
  A reaper (Depths:3)
  A draconian stormcaller (Depths:4)
  15 quicksilver oozes
  11 ironbound preservers
  5 draconian annihilators
  5 ghouls
  11 stone giants
  9 vampire knights
  15 green draconians
  A juggernaut skeleton (D:15)
  4 deep elf annihilators (Elf:3)
  An apis (Zig:1)
  2 ironbound thunderhulks
  16 black draconians
  13 purple draconians
  7 white draconians
  4 eleionomae
  9 deep elf demonologists
  11 yellow draconians
  11 red draconians
  7 bunyips
  13 dire elephants
  6 spark wasps
  A crystal guardian (Vaults:4)
  2 merfolk javelineers (Depths:2)
  9 ettins
  6 deep elf death magi
  3 eidola
  A shambling mangrove (Swamp:4)
  Josephine (D:15)
  8 fire dragons
  A blizzard demon (Depths:2)
  3 deep elf high priests
  12 jiangshi
  7 yaktaur captains
  11 great orbs of eyes
  5 entropy weavers
  3 rakshasas
  2 ogre magi
  6 ironbound frosthearts
  A peacekeeper (Vaults:4)
  A hell beast (Depths:3)
  20 hydras
  13 centaur warriors
  6 vault guards
  11 spriggan air magi
  2 catoblepae
  2 death knights (Crypt:1)
  2 ghost crabs
  8 ice dragons
  3 radroaches
  A spriggan skeleton (Crypt:2)
  3 jorogumos
  3 two-headed ogres
  10 dancing weapons
  5 alligators
  2 deep troll shamans
  3 boulder beetles
  3 death yaks (Lair:5)
  6 deep troll earth magi
  A hell hog (Depths:3)
  9 spriggan berserkers
  3 tengu warriors
  6 vampire magi
  4 orc high priests
  2 shock serpents (shapeshifter)
  2 titan zombies
  Nergalle (D:11)
  7 hell knights (Depths:2)
  4 deep elf knights
  A soul eater (Crypt:1)
  3 shadow wraiths
  9 iron trolls
  A salamander mystic (Depths:2)
  2 skysharks
  A fire crab (shapeshifter) (D:13)
  3 goliath frogs (Swamp:2)
  17 skeletal warriors
  8 pharaoh ants
  54 deep trolls
  A bunyip zombie (Crypt:1)
  2 glowing orange brains (shapeshifter)
  7 orb spiders
  A sun moth (Spider:2)
  A cherub (D:3)
  15 bog bodies
  4 flayed ghosts
  3 spriggan druids
  9 swamp dragons
  2 obsidian statues
  3 glowing orange brains
  7 deep elf archers
  6 steelbarb worms
  2 phantasmal warriors (Crypt:1)
  11 lindwurms
  11 ironbound convokers
  8 deep elf pyromancers
  An orange crystal statue (Zig:5)
  13 deep elf zephyrmancers
  6 necromancers
  9 wizards
  A jorogumo zombie (Crypt:1)
  37 ugly things
  A stone giant zombie (Crypt:1)
  8 orc knights
  10 orc sorcerers
  An oklob plant (Lair:4)
  24 wolf spiders
  A salamander (shapeshifter) (Elf:2)
  2 salamanders (Depths:2)
  3 will-o-the-wisps
  3 manticores
  7 shining eyes
  6 cyclopes
  An elephant (shapeshifter) (Depths:1)
  20 moths of wrath
  A fire giant skeleton (Crypt:2)
  A shock serpent zombie (Crypt:1)
  6 black mambas
  An eye of devastation (Slime:5)
  12 elephants
  A gargoyle (Bailey)
  A rust devil (D:14)
  3 torpor snails
  An apocalypse crab (Zig:2)
  14 vault sentinels
  6 demonic crawlers
  2 hellions
  18 yaktaurs
  Psyche (D:11)
  10 cane toads
  A purple draconian zombie (Crypt:1)
  3 rime drakes
  3 freezing wraiths
  An unseen horror zombie (Crypt:1)
  12 komodo dragons
  2 swamp worm zombies (Crypt:2)
  A tengu conjurer (Depths:1)
  A red draconian skeleton (Crypt:2)
  A hydra zombie (Crypt:2)
  2 harpy zombies (Crypt:1)
  An iron troll skeleton (Crypt:1)
  A minotaur skeleton (Crypt:2)
  4 trolls
  3 meliai (Spider:4)
  A catoblepas skeleton (Crypt:2)
  13 tyrant leeches
  A polar bear (Lair:3)
  24 tarantellas
  15 hornets
  23 blink frogs
  A spriggan zombie (D:15)
  A dream sheep (Lair:3)
  2 alligator skeletons (Crypt:1)
  14 spriggans
  22 jumping spiders
  2 centaur simulacra
  23 culicivoras
  4 water elementals
  176 slime creatures
  4 air elementals
  5 flying skulls (Crypt:1)
  2 large abominations (Elf:1)
  6 wraiths
  28 yaks
  2 vampires
  3 fire elementals
  Eustachio (D:4)
  A human (D:13)
  6 wyverns
  13 basilisks
  A neqoxec (Depths:2)
  3 steam dragons
  11 vampire mosquitoes
  19 golden eyes
  38 redbacks
  15 wargs
  A deep troll zombie (Crypt:2)
  A glowing shapeshifter zombie (D:15)
  7 acid dragons
  18 swamp worms
  14 water moccasins
  A floating eye (shapeshifter) (Elf:2)
  2 floating eyes
  5 hell hounds
  Duvessa (D:4)
  A human skeleton (Vaults:1)
  A meliai simulacrum (D:11)
  29 orc warriors
  9 swamp drakes
  An ice beast (D:11)
  2 black bears
  10 ogres
  A boggart (Vaults:2)
  11 wolves
  An orc skeleton (Vaults:1)
  12 centaurs
  An elephant skeleton (Crypt:2)
  5 kobold brigands
  3 elf zombies (Elf:1)
  12 bullfrogs
  A gnoll sergeant (D:11)
  An earth elemental (Elf:2)
  3 scorpions
  5 wights (D:8)
  A human simulacrum (Vaults:1)
  14 killer bees
  A howler monkey (shapeshifter) (D:14)
  7 vampire bats (Bailey)
  8 wolf zombies (Bailey)
  6 howler monkeys
  3 electric eels
  7 lava snakes (Volcano)
  3 hounds (D:6)
  A gnoll bouda (D:9)
  19 orc priests
  A jelly (D:4)
  Jessica (D:3)
  34 orc wizards
  12 iguanas
  Natasha (thrice) (D:4)
  Robin (D:2)
  15 gnolls
  14 adders
  A shadow imp (D:7)
  A steam dragon skeleton (Crypt:1)
  3 white imps
  A howler monkey simulacrum (D:11)
  2 ufetubi (D:11)
  3 worms
  3 dart slugs
  107 orcs
  9 ball pythons
  7 endoplasms
  2 giant cockroaches
  16 hobgoblins
  4 jackals (D:1)
  2 quokkas (D:4)
  A river rat zombie (Crypt:2)
  7 bats
  3 frilled lizards
  22 goblins
  32 kobolds
  20 orc zombies (Bailey)
  4 rats
2151 creatures vanquished.

Vanquished Creatures (collateral kills)
  A frost giant (Zig:4)
1 creature vanquished.

Vanquished Creatures (others)
  296 foxfires
  32 fungi
  109 plants
  17 withered plants (D:15)
454 creatures vanquished.

Grand Total: 2606 creatures vanquished

Notes
Turn   | Place    | Note
-------+----------+-------------------------------------------
     0 | D:1      | Valamore the Felid Venom Mage began the quest for the Orb.
     0 | D:1      | Reached XP level 1. HP: 7/7 MP: 4/4
   331 | D:1      | Reached XP level 2. HP: 11/11 MP: 4/6
  1066 | D:1      | Reached XP level 3. HP: 14/14 MP: 4/7
  1134 | D:1      | Found a faded altar of an unknown god.
  2081 | D:2      | Noticed Robin
  2083 | D:2      | Reached XP level 4. HP: 15/18 MP: 3/8
  2320 | D:2      | Learned a level 2 spell: Poisonous Vapours
  2962 | D:2      | Killed Robin
  3292 | D:3      | Reached XP level 5. HP: 18/21 MP: 1/10
  3664 | D:3      | Noticed Jessica
  3672 | D:3      | Killed Jessica
  4000 | D:3      | Noticed an ogre
  4039 | D:3      | Killed an ogre
  4040 | D:3      | Reached skill level 5 in Stealth
  4040 | D:3      | Gained mutation: You are covered in thick fur. (AC +2)
                  | [Felid growth]
  4040 | D:3      | Reached XP level 6. HP: 24/24 MP: 1/12
  4202 | D:3      | Found Iwahen's Assorted Antiques.
  4208 | D:3      | Bought a scroll labelled UNEOCKAEJE for 25 gold pieces
  4208 | D:3      | Bought a scroll labelled JOCUXZ MEKAGOA for 25 gold pieces
  4208 | D:3      | Bought a scroll labelled NAGESU LY FIA for 25 gold pieces
  4208 | D:3      | Bought a scroll labelled ATUHAEWOAL for 25 gold pieces
  4833 | D:4      | Reached skill level 5 in Poison Magic
  4998 | D:4      | Noticed Eustachio
  5027 | D:4      | Killed Eustachio
  5028 | D:4      | Reached XP level 7. HP: 17/27 MP: 4/14
  5651 | D:4      | Learned a level 4 spell: Olgreb's Toxic Radiance
  5811 | D:4      | Reached skill level 1 in Fighting
  5844 | D:4      | Noticed Dowan
  5877 | D:4      | HP: 1/25 [necrophage (6)]
  6165 | D:4      | Noticed Natasha
  6179 | D:4      | Killed Natasha
  6557 | D:4      | Noticed Natasha
  6564 | D:4      | Killed Natasha
  6646 | D:4      | Noticed Duvessa
  6683 | D:4      | Killed Duvessa
  6960 | D:4      | Noticed Natasha
  6967 | D:4      | Killed Natasha
  7055 | D:4      | Found a staircase to the Ecumenical Temple.
  7072 | Temple   | Entered the Ecumenical Temple
  7072 | Temple   | Found a transporter.
  7072 | Temple   | Found a transporter.
  7093 | Temple   | Found a transporter.
  7093 | Temple   | Found a transporter.
  7115 | Temple   | Became a worshipper of Vehumet
  7455 | D:5      | Entered Level 5 of the Dungeon
  7557 | D:4      | Reached XP level 8. HP: 24/34 MP: 8/16
  8071 | D:4      | Reached skill level 5 in Spellcasting
  8325 | D:5      | Found a glowing silver altar of Zin.
  9038 | D:6      | Reached skill level 5 in Fighting
 10250 | D:6      | Reached skill level 5 in Dodging
 10263 | D:6      | Reached * piety under Vehumet
 10263 | D:6      | Offered knowledge of Shock by Vehumet.
 10665 | D:6      | Learned a level 1 spell: Shock
 11114 | D:7      | You fall into a shaft and drop 1 floor!
 11129 | D:8      | Reached XP level 9. HP: 40/40 MP: 10/17
 11197 | D:8      | Reached skill level 1 in Conjurations
 11197 | D:8      | Reached skill level 1 in Air Magic
 11672 | D:8      | Offered knowledge of Foxfire by Vehumet.
 11774 | D:7      | Learned a level 1 spell: Foxfire
 11820 | D:7      | Reached ** piety under Vehumet
 12288 | D:7      | Reached skill level 1 in Fire Magic
 12984 | D:8      | Reached XP level 10. HP: 34/44 MP: 14/18
 14252 | D:9      | Offered knowledge of Momentum Strike by Vehumet.
 14303 | D:9      | Noticed a two-headed ogre
 14333 | D:9      | Killed a two-headed ogre
 14500 | D:9      | Identified the ring "Katen" {rN+ MP+9 Slay+3}
 14569 | D:9      | Reached *** piety under Vehumet
 14604 | D:9      | Reached skill level 10 in Dodging
 15067 | D:10     | Entered Level 10 of the Dungeon
 15067 | D:10     | Found a broken altar of Ashenzari.
 15067 | D:10     | Found a stormy altar of Qazlal.
 15084 | D:10     | Offered knowledge of Frozen Ramparts by Vehumet.
 15220 | D:9      | Learned a level 4 spell: Airstrike
 15690 | D:10     | Found a flagged portal.
 15705 | Bailey   | Entered a bailey
 16159 | Bailey   | Reached **** piety under Vehumet
 16179 | Bailey   | Offered knowledge of Irradiate by Vehumet.
 16261 | Bailey   | Learned a level 5 spell: Irradiate
 16449 | Bailey   | Noticed a gargoyle
 16472 | Bailey   | Killed a gargoyle
 16758 | Bailey   | Reached XP level 11. HP: 50/50 MP: 8/22
 17123 | D:10     | Found Xiul's Antique Weapon Shoppe.
 17551 | D:11     | Found a frozen archway.
 17936 | D:11     | Reached skill level 5 in Conjurations
 17936 | D:11     | Reached skill level 5 in Air Magic
 18074 | D:11     | Noticed Nergalle
 18101 | D:11     | Killed Nergalle
 18288 | D:11     | Noticed Psyche
 18326 | D:11     | Killed Psyche
 18619 | D:11     | Found a staircase to the Lair.
 19080 | Lair:1   | Entered Level 1 of the Lair of Beasts
 19217 | Lair:1   | Reached ***** piety under Vehumet
 19317 | Lair:1   | You fall into a shaft and drop 1 floor!
 20244 | Lair:1   | Learned a level 5 spell: Lightning Bolt
 20437 | Lair:2   | Noticed a seven-headed hydra
 20474 | Lair:2   | Killed a seven-headed hydra
 20602 | Lair:2   | Offered knowledge of Fireball by Vehumet.
 20924 | Lair:2   | Got the Almanac of Enchanted Changing
 21246 | Lair:3   | Noticed Rupert
 21322 | Lair:3   | Gained mutation: Your thick and shaggy fur keeps you warm.
                  | (AC +3, rC+) [Felid growth]
 21322 | Lair:3   | Reached XP level 12. HP: 53/54 MP: 20/23
 21332 | Lair:3   | Noticed a six-headed hydra
 21426 | Lair:3   | Killed a six-headed hydra
 21794 | Lair:3   | Noticed a six-headed hydra
 22415 | D:12     | Reached skill level 5 in Transmutations
 23504 | D:12     | Noticed a two-headed ogre
 23511 | D:12     | Killed a two-headed ogre
 23761 | D:12     | Found a staircase to the Orcish Mines.
 23950 | Orc:1    | Entered Level 1 of the Orcish Mines
 23950 | Orc:1    | Noticed an orc warlord
 23961 | Orc:1    | Killed an orc warlord
 23962 | Orc:1    | Reached skill level 10 in Stealth
 24341 | Orc:1    | Noticed an orc high priest
 24569 | D:12     | Killed an orc high priest
 24878 | Orc:1    | Noticed an orc warlord
 25505 | D:13     | Reached XP level 13. HP: 8/59 MP: 12/24
 27906 | D:13     | Found a gate to the Vaults.
 28337 | D:13     | HP: 3/61 [skeletal warrior/+0 war axe of electrocution
                  | (11)]
 28951 | D:14     | Reached skill level 10 in Fighting
 28955 | D:14     | Noticed an ettin
 29617 | D:14     | Reached skill level 1 in Evocations
 30056 | D:14     | Found a burning altar of Makhleb.
 30382 | D:15     | Entered Level 15 of the Dungeon
 30573 | D:15     | Reached XP level 14. HP: 49/66 MP: 19/28
 30644 | D:15     | Noticed Josephine
 30753 | D:15     | HP: 3/64 [juggernaut skeleton (61)]
 31913 | D:15     | Found a staircase to the Depths.
 32521 | Lair:3   | Noticed Nessos
 32525 | Lair:3   | Nessos changed into Nessos the dream sheep
 32525 | Lair:3   | Noticed Nessos
 32529 | Lair:3   | Killed Nessos the dream sheep
 32781 | Lair:3   | Reached skill level 10 in Spellcasting
 33081 | Lair:3   | Offered knowledge of Lee's Rapid Deconstruction by Vehumet.
 33290 | Lair:3   | Reached skill level 1 in Earth Magic
 33446 | Lair:3   | Found a hole to the Spider Nest.
 34483 | Lair:4   | Reached skill level 5 in Earth Magic
 35058 | Lair:5   | Entered Level 5 of the Lair of Beasts
 35184 | Lair:5   | Found a staircase to the Slime Pits.
 35526 | Lair:5   | Found a viscous altar of Jiyva.
 36783 | Lair:5   | Learned a level 5 spell: Lee's Rapid Deconstruction
 37069 | Lair:5   | Reached ****** piety under Vehumet
 37253 | Lair:5   | Reached XP level 15. HP: 69/69 MP: 30/30
 37326 | Lair:5   | Offered knowledge of Conjure Ball Lightning by Vehumet.
 37694 | Lair:5   | Reached skill level 10 in Conjurations
 39268 | Orc:1    | Found a transporter.
 39271 | Orc:1    | Noticed Gastronok
 39279 | Orc:1    | Killed Gastronok
 39958 | Orc:1    | Found a transporter.
 40378 | Orc:2    | Entered Level 2 of the Orcish Mines
 40498 | Orc:2    | Found a staircase to the Elven Halls.
 40560 | Orc:2    | Found a dark tunnel.
 40584 | Volcano  | Entered a volcano
 41498 | Orc:2    | Offered knowledge of Freezing Cloud by Vehumet.
 41618 | Orc:2    | Learned a level 5 spell: Freezing Cloud
 42085 | Orc:2    | Reached skill level 1 in Ice Magic
 43146 | Orc:2    | Found Ryac's Assorted Antiques.
 43146 | Orc:2    | Found Yniob's Antique Armour Shoppe.
 43148 | Orc:2    | Found Zouh's Weapon Shop.
 43148 | Orc:2    | Found Viniofai's Weapon Shoppe.
 43154 | Orc:2    | Bought a potion of cancellation for 168 gold pieces
 43154 | Orc:2    | Bought a dented diamond amulet for 105 gold pieces
 43154 | Orc:2    | Bought a murky green potion for 18 gold pieces
 43154 | Orc:2    | Bought a scroll labelled NAGESU LY FIA for 21 gold pieces
 43651 | Lair:3   | Found a staircase to the Swamp.
 43663 | Swamp:1  | Entered Level 1 of the Swamp
 45280 | Swamp:2  | Reached skill level 5 in Ice Magic
 45605 | Swamp:2  | HP: 2/69 [will-o-the-wisp/foxfire (4)]
 45605 | Swamp:2  | Killed from afar by a will-o-the-wisp
 45606 | Swamp:2  | Reached XP level 14. HP: -13/66 MP: 21/29
 46369 | Swamp:2  | Reached XP level 15. HP: 69/69 MP: 15/30
 47175 | Swamp:3  | Noticed Aizul
 47995 | Spider:1 | Entered Level 1 of the Spider Nest
 49014 | Spider:1 | Offered knowledge of Iron Shot by Vehumet.
 49024 | Spider:1 | Learned a level 6 spell: Iron Shot
 50452 | Spider:1 | Identified a scroll of acquirement
 51027 | Spider:2 | Identified the +3 flail of the Trees {flame, rF- Will+++
                  | Str-3 Dex+4}
 52272 | Spider:2 | Reached skill level 10 in Ice Magic
 54263 | Spider:4 | Entered Level 4 of the Spider Nest
 54937 | Spider:4 | Reached XP level 16. HP: 73/73 MP: 22/32
 55467 | Spider:3 | Acquired the Octavo of the Ghosts
 55621 | Swamp:4  | Entered Level 4 of the Swamp
 56127 | Swamp:4  | Offered knowledge of Iskenderun's Battlesphere by Vehumet.
 56129 | Swamp:4  | Slain by an alligator
 56130 | Swamp:4  | Reached XP level 15. HP: -1/69 MP: 8/31
 56658 | Swamp:4  | Acquired the amulet of Doahopsele {RegenMP rC++ Str+2}
 56660 | Swamp:4  | Acquired Juediarr's Discourse on the Reshaped Zephyr
 56662 | Swamp:4  | Acquired 808 gold pieces
 58123 | Swamp:4  | Noticed a thorn hunter
 58168 | Swamp:4  | Killed a thorn hunter
 59595 | Swamp:4  | Got a decaying rune of Zot
 59598 | Swamp:4  | Acquired Sif Muna's Parchment of Geological Transmigration
 59600 | Swamp:4  | Acquired Maxwell's Memoranda
 59602 | Swamp:4  | Acquired 786 gold pieces
 59638 | Swamp:4  | Learned a level 6 spell: Statue Form
 59865 | Swamp:3  | Reached skill level 10 in Transmutations
 61343 | Spider:4 | Offered knowledge of Starburst by Vehumet.
 62330 | Spider:4 | Reached XP level 16. HP: 73/73 MP: 33/33
 63492 | Vaults:1 | Entered Level 1 of the Vaults
 63840 | Vaults:1 | Reached skill level 1 in Unarmed Combat
 64227 | Vaults:1 | Found a flickering gateway to a bazaar.
 64233 | Bazaar   | Entered a bazaar
 64233 | Bazaar   | Found Egraletee's Distillery.
 64241 | Bazaar   | Found Nasi's Weapon Boutique.
 64243 | Bazaar   | Bought a potion of haste for 190 gold pieces
 64243 | Bazaar   | Bought 2 potions of resistance for 380 gold pieces
 64243 | Bazaar   | Bought a potion of invisibility for 152 gold pieces
 64243 | Bazaar   | Bought a potion of resistance for 190 gold pieces
 64243 | Bazaar   | Bought a potion of mutation for 152 gold pieces
 64252 | Bazaar   | Found Akhlux's Antique Armour Emporium.
 64263 | Bazaar   | Found Umuafios's Distillery.
 64271 | Bazaar   | Bought a potion of mutation for 96 gold pieces
 64271 | Bazaar   | Bought a potion of flight for 36 gold pieces
 64271 | Bazaar   | Bought a potion of flight for 36 gold pieces
 64271 | Bazaar   | Bought a potion of curing for 36 gold pieces
 64271 | Bazaar   | Bought a potion of curing for 36 gold pieces
 64271 | Bazaar   | Bought a potion of resistance for 120 gold pieces
 64271 | Bazaar   | Bought a potion of brilliance for 48 gold pieces
 64271 | Bazaar   | Bought a potion of invisibility for 96 gold pieces
 64271 | Bazaar   | Bought a potion of resistance for 120 gold pieces
 64299 | Bazaar   | Found Luipson's Weapon Boutique.
 64578 | Vaults:1 | Offered knowledge of Fire Storm by Vehumet.
 64578 | Vaults:1 | Offered knowledge of Chain Lightning by Vehumet.
 64578 | Vaults:1 | Offered knowledge of Polar Vortex by Vehumet.
 65798 | Vaults:1 | Reached skill level 5 in Unarmed Combat
 66210 | Vaults:2 | Noticed a sphinx
 66218 | Vaults:2 | Killed a sphinx
 66786 | Vaults:2 | Reached XP level 17. HP: 76/76 MP: 29/36
 66959 | Vaults:2 | Learned a level 7 spell: Ozocubu's Refrigeration
 67722 | Vaults:2 | Found Lula's Distillery.
 67738 | Vaults:2 | Bought a potion of heal wounds for 90 gold pieces
 67738 | Vaults:2 | Bought a potion of invisibility for 144 gold pieces
 67738 | Vaults:2 | Bought a potion of heal wounds for 90 gold pieces
 67738 | Vaults:2 | Bought a potion of curing for 54 gold pieces
 67782 | Vaults:2 | Found Xuqutuog's Antique Weapon Shoppe.
 67901 | Vaults:2 | Found the ring of the Octopus King {rCorr HP+2 AC+2 EV+2
                  | SH+2}
 68288 | Vaults:3 | Noticed Jory
 69318 | Vaults:3 | Found Kiokucli's Assorted Antiques.
 69328 | Vaults:3 | Bought a scroll of magic mapping for 187 gold pieces
 69328 | Vaults:3 | Bought 2 potions of curing for 150 gold pieces
 69655 | Vaults:4 | Reached skill level 10 in Earth Magic
 69932 | Vaults:4 | Acquired a ring of protection from fire
 70537 | Vaults:4 | Reached XP level 18. HP: 76/81 MP: 25/37
 71237 | Vaults:4 | Reached skill level 15 in Dodging
 72272 | Slime:1  | Entered Level 1 of the Pits of Slime
 72762 | Spider:4 | Reached skill level 5 in Evocations
 73284 | Spider:4 | Identified the +0 pair of boots "Tuicidu" {*Slow Int+4}
 73338 | Spider:4 | Got a gossamer rune of Zot
 73729 | Elf:1    | Entered Level 1 of the Elven Halls
 73729 | Elf:1    | Noticed Nikola
 73766 | Elf:1    | Killed Nikola
 73958 | Elf:1    | Paralysed by an air elemental for 1 turns
 74035 | Elf:1    | Found Xielok's Jewellery Shoppe.
 74063 | Elf:1    | Found Giurodgh's Magic Scroll Shop.
 74089 | Elf:1    | Bought a scroll of fog for 68 gold pieces
 74089 | Elf:1    | Bought a scroll of amnesia for 68 gold pieces
 74222 | Elf:1    | Got the Elucidation of the Morgue
 74276 | Elf:1    | Found Dule's Magic Scroll Shoppe.
 74281 | Elf:1    | Bought a scroll of amnesia for 44 gold pieces
 74281 | Elf:1    | Bought a scroll of fear for 44 gold pieces
 74281 | Elf:1    | Bought a scroll of blinking for 82 gold pieces
 74281 | Elf:1    | Bought a scroll of amnesia for 44 gold pieces
 74281 | Elf:1    | Bought a scroll of fog for 44 gold pieces
 74592 | Elf:1    | Noticed Roxanne
 74695 | Elf:1    | Found Fuv Ixtim's Weapon Emporium.
 74910 | Elf:1    | Found Epunaal's Armour Boutique.
 75476 | Elf:2    | Found a runed translucent gate.
 75476 | Elf:2    | Found a runed translucent gate.
 75476 | Elf:2    | Found a runed translucent gate.
 75614 | Elf:2    | Found Anloxosk's Gadget Gallery.
 76224 | Elf:3    | Entered Level 3 of the Elven Halls
 77049 | Elf:3    | Learned a level 4 spell: Iskenderun's Mystic Blast
 77340 | Elf:3    | Noticed an Ice Fiend
 77468 | Elf:3    | Slain by a deep elf blademaster
 77469 | Elf:3    | Reached XP level 17. HP: -1/105 MP: 4/36
 77508 | Elf:3    | Killed a deep elf blademaster
 77574 | Elf:3    | Reached XP level 18. HP: 72/85 MP: 16/37
 77994 | Elf:3    | Reached skill level 15 in Spellcasting
 78484 | Elf:3    | Shot with an arrow by a deep elf master archer
 78485 | Elf:3    | Reached XP level 17. HP: -4/81 MP: 22/37
 79076 | D:15     | Killed Josephine
 79424 | Depths:1 | Entered Level 1 of the Depths
 80187 | Depths:1 | Found a sparkling altar of Nemelex Xobeh.
 80253 | Depths:1 | Found a one-way gateway to a ziggurat.
 80623 | Depths:1 | Found Taheb's Armour Emporium.
 80623 | Depths:1 | Found Qigohes's Book Shoppe.
 80791 | Depths:1 | Found Amnocem's Antique Weapon Emporium.
 80825 | Depths:1 | Found a corrupted altar of Lugonu.
 80825 | Depths:1 | Found a one-way gate to the infinite horrors of the Abyss.
 80852 | Depths:1 | Found a gateway to Hell.
 81317 | Depths:1 | Paralysed by a great orb of eyes for 3 turns
 82599 | Depths:2 | Found a one-way gate leading to the halls of Pandemonium.
 82666 | Depths:2 | Noticed a golden dragon
 82794 | Depths:2 | Reached XP level 18. HP: 85/85 MP: 10/39
 83165 | Depths:2 | Killed a golden dragon
 83483 | Depths:2 | Noticed a golden dragon
 83496 | Depths:2 | Killed a golden dragon
 84026 | Depths:2 | Noticed a Brimstone Fiend
 84680 | Depths:3 | Noticed a lich
 84690 | Depths:3 | Killed a lich
 85424 | Depths:3 | Learned a level 7 spell: Orb of Destruction
 86430 | Depths:4 | Entered Level 4 of the Depths
 86430 | Depths:4 | Noticed Boris
 86430 | Depths:4 | Noticed Sojobo
 86430 | Depths:4 | Noticed Vv
 86671 | Depths:4 | HP: 2/113 [deep troll earth mage/Lee's Rapid Deconstruction
                  | (43)]
 87259 | Depths:4 | Noticed a golden dragon
 88701 | Depths:4 | Reached XP level 19. HP: 89/89 MP: 30/41
 89257 | Depths:4 | Found a runed translucent door.
 92677 | Elf:3    | Got the Grimoire of the Unholy Volcano
 93913 | Depths:4 | Reached skill level 10 in Air Magic
 94799 | Depths:4 | Killed Boris
 95090 | Depths:4 | Paralysed by an air elemental for 1 turns
 95096 | Depths:4 | Killed Sojobo
 95316 | Depths:4 | Learned a level 5 spell: Lee's Rapid Deconstruction
 96428 | Vaults:3 | Noticed Saint Roka
 96478 | Vaults:3 | Killed Saint Roka
 96758 | Vaults:3 | Killed Jory
 96933 | Vaults:3 | Found a staircase to the Crypt.
 97009 | Crypt:1  | Entered Level 1 of the Crypt
 98027 | Crypt:1  | Found a basalt altar of Yredelemnul.
 99415 | Crypt:2  | Slain by a vampire knight
 99416 | Crypt:2  | Reached XP level 18. HP: -3/85 MP: 21/40
 99508 | Crypt:2  | Paralysed by a vampire knight for 5 turns
 99642 | Crypt:2  | Identified the +2 robe of Courage {rCorr Str+7}
 99848 | Crypt:2  | Reached XP level 19. HP: 90/90 MP: 16/41
100020 | Crypt:2  | Learned a level 7 spell: Storm Form
100044 | Crypt:2  | Got Sif Muna's Spellbook of the Crypt
100338 | Crypt:2  | Noticed Mennas
100869 | Zig:1    | Entered Level 1 of a ziggurat
100915 | Zig:2    | Entered Level 2 of a ziggurat
100918 | Zig:2    | Noticed a Killer Klown
100931 | Zig:2    | Killed a Killer Klown
101011 | Zig:3    | Entered Level 3 of a ziggurat
101088 | Zig:4    | Entered Level 4 of a ziggurat
101092 | Zig:4    | Noticed a juggernaut
101104 | Zig:4    | Killed a juggernaut
101148 | Zig:4    | Identified the ring "Zuossa" {rF+ EV+5}
101160 | Zig:5    | Entered Level 5 of a ziggurat
101359 | Zig:5    | Found the +8 whip "Snakebite" {venom, curare, rPois}
101747 | Slime:1  | Gained mutation: Potions are less effective at restoring
                  | your health. [a shining eye]
101821 | Lair:5   | Lost mutation: Potions are less effective at restoring your
                  | health. [potion of mutation]
101821 | Lair:5   | Gained mutation: Your mind is acute. (Int +4, Str/Dex -1)
                  | [potion of mutation]
101821 | Lair:5   | Gained mutation: Your natural rate of healing is unusually
                  | fast. [potion of mutation]
102193 | Slime:5  | Entered Level 5 of the Pits of Slime
104763 | Slime:5  | Reached skill level 15 in Air Magic
105062 | Slime:5  | Noticed the Royal Jelly
105888 | Slime:2  | Reached XP level 20. HP: 84/95 MP: 9/42
106376 | Slime:5  | Learned a level 8 spell: Maxwell's Capacitive Coupling
106473 | Slime:5  | Found a viscous altar of Jiyva.
106475 | Slime:5  | Found the +8 Vampire's Tooth {megavamp}
107034 | Slime:5  | Killed the Royal Jelly
108158 | Slime:5  | Got a slimy rune of Zot
108237 | Slime:5  | Identified the amulet "Raeckir" {Acrobat rF+ Str+2 SInv}
108979 | Depths:4 | Killed Vv
109668 | Depths:4 | Killed a golden dragon
109893 | Depths:4 | Found a gate to the Realm of Zot.
110062 | Zot:1    | Entered Level 1 of the Realm of Zot
110665 | Zot:1    | Noticed a golden dragon
110680 | Zot:1    | Killed a golden dragon
110741 | Zot:1    | Noticed a golden dragon
110757 | Zot:1    | Killed a golden dragon
111029 | Zot:1    | Noticed a golden dragon
111038 | Zot:1    | Killed a golden dragon
111130 | Zot:1    | Noticed a golden dragon
111138 | Zot:1    | Killed a golden dragon
111210 | Zot:1    | Identified the ring "Cuuguacu" {rElec rPois rN+ Str+3}
112391 | Zot:2    | Reached skill level 15 in Conjurations
112656 | Zot:2    | Noticed a dread lich
112674 | Zot:2    | Killed a dread lich
112677 | Zot:2    | Paralysed by a sphinx for 2 turns
112690 | Zot:2    | Noticed an orb of fire
112753 | Zot:2    | Killed an orb of fire
112824 | Zot:2    | Noticed a dread lich
112849 | Zot:2    | Killed a dread lich
112850 | Zot:2    | Reached XP level 21. HP: 93/99 MP: 30/43
113674 | Zot:2    | Noticed a golden dragon
113690 | Zot:2    | Killed a golden dragon
114222 | Zot:2    | Noticed a dread lich
114236 | Zot:2    | Killed a dread lich
115509 | Zot:3    | Noticed a curse toe
115579 | Zot:2    | Killed a curse toe
116102 | Zot:3    | Noticed a golden dragon
116107 | Zot:3    | Killed a golden dragon
116191 | Zot:3    | Noticed a curse toe
116196 | Zot:3    | Killed a curse toe
116349 | Zot:3    | Noticed a golden dragon
116369 | Zot:3    | Killed a golden dragon
117726 | Zot:4    | Noticed a golden dragon
117732 | Zot:4    | Killed a golden dragon
118031 | Zot:4    | Reached XP level 22. HP: 103/103 MP: 1/44
119094 | Zot:5    | Entered Level 5 of the Realm of Zot
119604 | Zot:5    | Noticed a golden dragon
119614 | Zot:5    | Killed a golden dragon
121390 | Zot:5    | Noticed a dread lich
121391 | Zot:5    | Noticed a Killer Klown
121393 | Zot:5    | Killed a dread lich
121398 | Zot:5    | Killed a Killer Klown
122116 | Zot:5    | Noticed a curse toe
122118 | Zot:5    | Noticed a dread lich
122120 | Zot:5    | Killed a curse toe
122122 | Zot:5    | Noticed an orb of fire
122123 | Zot:5    | Noticed an orb of fire
122295 | Zot:5    | Noticed a Killer Klown
122299 | Zot:5    | Killed a Killer Klown
122565 | Zot:5    | Killed a dread lich
122612 | Zot:5    | Gained mutation: You are weak. (Str -2) [an orb of fire]
122615 | Zot:5    | Killed an orb of fire
122655 | Zot:5    | Noticed an orb of fire
122659 | Zot:5    | Killed an orb of fire
122688 | Zot:5    | Noticed a curse toe
122693 | Zot:5    | Killed a curse toe
123004 | Zot:5    | Noticed a Killer Klown
123009 | Zot:5    | Killed a Killer Klown
123030 | Zot:5    | Noticed a Killer Klown
123034 | Zot:5    | Killed a Killer Klown
123043 | Zot:5    | Noticed a Killer Klown
123046 | Zot:5    | Killed a Killer Klown
123050 | Zot:5    | Noticed an orb of fire
123054 | Zot:5    | Gained mutation: You occasionally lose the ability to drink
                  | potions when taking damage. [an orb of fire]
123062 | Zot:5    | Gained mutation: Your body sometimes deteriorates upon
                  | taking damage. [an orb of fire]
123065 | Zot:5    | Killed an orb of fire
123083 | Zot:5    | Killed an orb of fire
123379 | Zot:5    | Lost mutation: Your natural rate of healing is unusually
                  | fast. [potion of mutation]
123379 | Zot:5    | Lost mutation: You occasionally lose the ability to drink
                  | potions when taking damage. [potion of mutation]
123379 | Zot:5    | Gained mutation: You are partially covered in large bone
                  | plates. (SH +4) [potion of mutation]
123379 | Zot:5    | Lost mutation: You are partially covered in large bone
                  | plates. (SH +4) [potion of mutation]
123386 | Zot:5    | Lost mutation: Your mind is acute. (Int +4, Str/Dex -1)
                  | [potion of mutation]
123386 | Zot:5    | Lost mutation: Your body sometimes deteriorates upon taking
                  | damage. [potion of mutation]
123386 | Zot:5    | Lost mutation: You are weak. (Str -2) [potion of mutation]
123386 | Zot:5    | Gained mutation: You passively dampen the noise of your
                  | surroundings. [potion of mutation]
123386 | Zot:5    | Gained mutation: You are robust. (+10% HP) [potion of
                  | mutation]
123386 | Zot:5    | Gained mutation: You have a somewhat thin skeletal
                  | structure. (Dex +2, Stealth+) [potion of mutation]
123455 | Zot:5    | Noticed a Killer Klown
123466 | Zot:5    | Killed a Killer Klown
123478 | Zot:5    | Noticed a Killer Klown
123482 | Zot:5    | Killed a Killer Klown
123604 | Zot:5    | Got the Orb of Zot
123704 | Zot:4    | Noticed Boris
123797 | Zot:2    | Noticed Wuj Jotz the pandemonium lord
123899 | Depths:2 | Noticed Edorph the pandemonium lord
123987 | D:15     | Noticed Jacvar the pandemonium lord
124223 | D:8      | Noticed Naweamor the pandemonium lord
124382 | D:$      | Escaped with the Orb!

Illustrated notes

Levels and vault maps discovered:
D:1:      dpeg_arrival_signposts, layout_loops_ring,
          chequers_ecumenical_altar_lobes
D:2:      layout_basic, st_stairs_8, corexii_shack, grunt_ministairs_2,
          uniq_robin
D:3:      layout_basic, serial_shops, nicolae_square_shop,
          dreamdust_mushroom_princess, wad_orctagon, uniq_jessica
D:4:      minmay_chambers_of_threes, layout_cave_pods,
          minmay_temple_entry_sparse_star, serial_bayou, serial_bayou_pond_a,
          serial_bayou_pond_b, serial_bayou_lake_a, serial_bayou_lagoon_a,
          uniq_eustachio, uniq_natasha, uniq_duvessa
D:5:      layout_rooms, zin_treasury
D:6:      layout_basic
D:7:      layout_loops_ring
D:8:      layout_basic, disabler_island
D:9:      layout_loops_cross
D:10:     layout_stronghold, chequers_temple_overflow_statue_of_worship,
          enter_bailey_7, serial_shops, shop
D:11:     layout_cave_pools, erik_lair_dragon, serial_ice, serial_ice_j,
          serial_ice_g, serial_ice_h, serial_ice_e,
          portal_ice_cave_entry_pillars_1, minmay_curled_crystal, uniq_psyche,
          uniq_nergalle
D:12:     layout_cave_pools, erik_orc_3
D:13:     layout_loops_ring, grunt_vaults_entry_fortified
D:14:     layout_basic, kennysheep_nub, bloody_makhleb
D:15:     gammafunk_depths_entry_grave, layout_rooms, hangedman_decor_riveting,
          uniq_josephine
Temple:   hellmonk_temple_divided_pantheon
Lair:1:   layout_cave_pods, gauntlet_entry_generic
Lair:2:   layout_regular_city
Lair:3:   layout_regular_city, palyth_hydra_swamp_entry,
          nicolae_spider_entry_orb_guardian, columned_hall_lemuel,
          infiniplex_staircase_pool, uniq_nessos, uniq_rupert
Lair:4:   layout_cave_pods, chequers_serial_rivers_room_a, lemuel_fruit_fields
Lair:5:   guppyfry_lair_end_dragon, layout_regular_city, slime_entry_1,
          small_statue_intersection, chequers_serial_rivers_small_a,
          minmay_lair_oklob_bushes, grunt_megastairs_3, lemuel_fruit_tree
Swamp:1:  layout_basic_swamp, serial_swamp_ruin, evilmike_swamp_ruin_house_2,
          evilmike_swamp_ruin_rubble_2
Swamp:2:  layout_falls_marsh, hangedman_swamp_pad, swamp_pool2
Swamp:3:  nicolae_swamp_ascending_descending, layout_basic_swamp,
          evilmike_swamp_ruin_house_4, uniq_bai_suzhen, uniq_aizul
Swamp:4:  swamp_basic_johnstein, layout_basic_swamp, swamp_pool4
Spider:1: layout_chambers
Spider:2: layout_spider_delve, hellmonk_narrow_tunnel
Spider:3: layout_spider_delve, hangedman_spider_tarantella_strand
Spider:4: spider_rune_water
Slime:1:  layout_caves
Slime:2:  layout_caves
Slime:3:  layout_caves
Slime:4:  layout_caves, nicolae_slime_crime_time
Slime:5
Orc:1:    gammafunk_beogh_shrine, layout_caves, mines5_lemuel, uniq_gastronok
Orc:2:    grunt_orc_tribal_feast, layout_caves, basic_altar, enter_volcano_3,
          nicolae_orc_rockfall, nicolae_orc_stony_grotto
Elf:1:    layout_gridlike, serial_shops, shop, nicolae_take_the_stairs,
          nicolae_shop_statue_plus, nicolae_shop_crystal,
          nicolae_shop_hallway_plus, minmay_elf_necromancy, uniq_nikola,
          uniq_roxanne
Elf:2:    elven_hall_of_blades_hangedman_original
          [nicolae_blade_entry_floor_patterns], layout_geoelf_grid,
          minivault_16, minmay_misc_feat_diagonals, nicolae_shop_gadgets
Elf:3:    elf_hall, layout_geoelf_castle, grunt_ministairs_15
Vaults:1: v_misc_8, hangedman_vaults_trim, nicolae_vaults_triangles, v_misc_4,
          grunt_vaults_funnel, v_misc_4, nicolae_vaults_hallways_thing,
          v_rooms_5, hangedman_vaults_corner_blocks,
          ontoclasm_vaults_loading_screen, v_misc_22, v_misc_17,
          layout_vaults_maze, serial_shops, bzr_entry_road
Vaults:2: ontoclasm_vaults_gallery, v_misc_12,
          nicolae_vaults_diagonal_hallway_9, v_misc_23, layout_vaults_omnigrid,
          serial_shops, nicolae_shop_hallway_plus, nicolae_shop_behind_doors
Vaults:3: v_misc_13, nicolae_vaults_ring_of_whatevers,
          hangedman_vaults_stretched_pinwheel, vaults_dpeg_hooks,
          hangedman_vaults_trim, nicolae_vaults_little_squares_3,
          minmay_crypt_entry_simple_walls, hangedman_vaults_restitches,
          v_misc_19, layout_vaults_big_room, serial_shops,
          nicolae_shop_waterfront, uniq_jory, uniq_saint_roka
Vaults:4: vaults_dpeg_spiral, nicolae_vaults_asterisk, hangedman_vaults_slice,
          grunt_vaults_diagonal, ontoclasm_vaults_ring_small,
          nicolae_vaults_network_s, vaults_room_octagon, v_pattern_2,
          hangedman_vaults_capsules, v_misc_19, v_misc_18,
          nicolae_vaults_stairing_the_circle, nicolae_vaults_statue_guard,
          layout_vaults_omnicross
Crypt:1:  layout_catacombs, basic_altar, grunt_crypt_arrival_split
Crypt:2:  layout_gridlike, special_room [special_room_morgue],
          nicolae_crypt_soggy_tomb, uniq_mennas
Depths:1: layout_honeycomb, enter_ziggurat_f, nemelex_lonely_heart_becter,
          hell_entry, abyss_entry_flame_altar, minislime_mu,
          hangedman_decor_cross_pass, minmay_shop_star
Depths:2: evilmike_makhleb_hellhole, layout_cave_pools, hell_entry,
          rand_demon_pan_entry_7, amcnicky_mini_pool_small,
          kennysheep_random_hallway, serial_bayou_shore_a
Depths:3: minmay_mutant_horseshoe, layout_honeycomb, glass_columns_a,
          abyss_entry, grunt_mini_vestibule, drop_trap,
          kennysheep_windowed_goal, infiniplex_staircase_trident,
          serial_bayou_shore_b
Depths:4: grunt_zot_entry_pinwheel, layout_twisted_cross,
          chequers_serial_rivers_small_a, abyss_entry,
          pf_vacation_house_of_asmodeus, skrybe_limestone_x,
          lightli_gold_pyramid, uniq_boris, uniq_sojobo, uniq_vv
Zot:1:    layout_misc_corridors, st_small_dragon_hoard_3,
          hangedman_zot_decor_tridents, st_small_dragon_hoard_4
Zot:2:    hellmonk_paralyzer, layout_gridlike, grunt_megastairs_1
Zot:3:    layout_onion_interference, grunt_ministairs_9
Zot:4:    layout_cathedral_of_symmetry, st_stairs_7, grunt_ministairs_7
Zot:5:    layout_twisted_circle

Skill      XL: |  1  2  3  4  5  6  7  8  9 10 11 12 13 14 15 16 17 18 19 20 21 22 |
---------------+-------------------------------------------------------------------+-----
Stealth        | 3 4 5 10 12 14 | 14.0
Poison Magic   | 3 4 5 6 7 8 |  8.0
Spellcasting   | 3 4 5 7 9 10 12 14 16 17 | 17.0
Fighting       | 2 5 7 8 10 13 14 | 14.1
Dodging        | 5 8 10 12 14 15 | 15.5
Conjurations   | 3 4 7 8 9 10 12 13 15 18 19 | 19.6
Air Magic      | 3 4 7 8 13 15 17 18 19 | 19.8
Fire Magic     | 3 |  3.0
Transmutations | 3 7 10 | 10.0
Evocations     | 2 4 7 |  7.0
Earth Magic    | 8 9 11 13 | 13.0
Ice Magic      | 7 12 14 | 14.0
Unarmed Combat | 7 8 |  8.0

Action                     |  1- 3 |  4- 6 |  7- 9 | 10-12 | 13-15 | 16-18 | 19-21 | 22-24 || total
---------------------------+-------+-------+-------+-------+-------+-------+-------+-------++-------
  Melee: Unarmed           |    12 |    23 |    75 |    85 |   174 |   187 |   360 |    44 ||   960
         Bite              |     2 |     4 |     8 |     9 |    31 |    47 |    17 |       ||   118
         Punch             |       |       |     1 |     2 |     1 |    23 |    27 |     3 ||    57
   Cast: Sting             |    85 |    71 |   131 |    20 |     3 |       |       |       ||   310
         Poisonous Vapours |       |    50 |   173 |    85 |   157 |       |       |       ||   465
         Olgreb's Toxic Ra |       |       |    11 |    51 |   102 |       |       |       ||   164
         Shock             |       |       |    14 |    34 |    28 |       |       |       ||    76
         Foxfire           |       |       |     5 |   165 |       |       |       |       ||   170
         Airstrike         |       |       |       |   154 |   226 |     2 |       |       ||   382
         Irradiate         |       |       |       |    14 |   147 |   112 |    91 |    10 ||   374
         Lightning Bolt    |       |       |       |    27 |   212 |       |       |       ||   239
         Freezing Cloud    |       |       |       |       |   221 |   191 |    56 |     3 ||   471
         Iron Shot         |       |       |       |       |   140 |   476 |   470 |    55 ||  1141
         Statue Form       |       |       |       |       |     9 |    77 |    25 |       ||   111
         Lee's Rapid Decon |       |       |       |       |     2 |       |    14 |       ||    16
         Ozocubu's Refrige |       |       |       |       |       |   371 |   235 |    17 ||   623
         Iskenderun's Myst |       |       |       |       |       |    19 |    13 |       ||    32
         Orb of Destructio |       |       |       |       |       |    16 |   164 |    45 ||   225
         Storm Form        |       |       |       |       |       |       |   121 |    49 ||   170
         Maxwell's Capacit |       |       |       |       |       |       |     5 |    10 ||    15
Ability: End Transformatio |       |       |       |       |       |    16 |    11 |     3 ||    30
  Evoke: Wand              |       |       |     1 |     2 |     3 |       |     1 |     1 ||     8
         Condenser vane    |       |       |       |     1 |     2 |     5 |     1 |       ||     9
         Tin of tremorston |       |       |       |       |       |     1 |     3 |       ||     4
         Phantom mirror    |       |       |       |       |       |       |     3 |       ||     3
         Box of beasts     |       |       |       |       |       |       |     2 |       ||     2
         Phial of floods   |       |       |       |       |       |       |     1 |       ||     1
    Use: Scroll            |     1 |     3 |     6 |     8 |    22 |    13 |    17 |     5 ||    75
         Potion            |       |       |     1 |     3 |    11 |    10 |    13 |     8 ||    46
   Stab: Sleeping          |     2 |       |     1 |     2 |     1 |       |       |       ||     6
         Distracted        |       |       |     1 |       |       |       |     1 |       ||     2
         Petrified         |       |       |       |       |     1 |       |       |       ||     1
 Armour: Skin              |     4 |     2 |     8 |    51 |    65 |   210 |   183 |    10 ||   533
  Dodge: Dodged            |    52 |    38 |   178 |   352 |   735 |   977 |  1051 |    95 ||  3478
  Block: Other             |       |       |       |       |       |    28 |    14 |       ||    42

Table legend: (Time is in decaauts)
 A = Elapsed time spent in this place.
 B = Non-inter-level travel time spent in this place.
 C = Inter-level travel time spent in this place.
 D = Time resting spent in this place.
 E = Time spent auto-exploring this place.
 F = Levels seen in this place.
 G = Mean time per level.
                   A        B        C        D        E       F      G
               +--------+--------+--------+--------+--------+-----+--------+
         Total | 117870 | 111674 |   6196 |  55683 |  33685 |  62 | 1901.1 |
       Dungeon |  27957 |  25971 |   1986 |  10318 |  11100 |  15 | 1863.8 |
        Temple |     51 |     41 |     10 |      0 |     23 |   1 |   51.0 |
          Lair |  10351 |   9554 |    797 |   4350 |   3768 |   5 | 2070.2 |
         Swamp |   7975 |   7749 |    226 |   4861 |   1561 |   4 | 1993.8 |
   Spider Nest |  11380 |  10723 |    657 |   6224 |   2485 |   4 | 2845.0 |
    Slime Pits |   6110 |   5649 |    461 |   2645 |   1778 |   5 | 1222.0 |
  Orcish Mines |   3811 |   3531 |    280 |   1297 |   1653 |   2 | 1905.5 |
   Elven Halls |   7373 |   7021 |    352 |   4499 |   1019 |   3 | 2457.7 |
        Vaults |   9120 |   8718 |    402 |   3377 |   3357 |   4 | 2280.0 |
         Crypt |   3397 |   3325 |     72 |   1477 |   1036 |   2 | 1698.5 |
        Depths |  15043 |  14313 |    730 |   8315 |   3509 |   4 | 3760.8 |
           Zot |  13069 |  12850 |    219 |   7613 |   1601 |   5 | 2613.8 |
      Ziggurat |    493 |    493 |      0 |    241 |     95 |   5 |   98.6 |
        Bazaar |     79 |     79 |      0 |      0 |     55 |   1 |   79.0 |
        Bailey |   1144 |   1144 |      0 |    216 |    577 |   1 | 1144.0 |
       Volcano |    508 |    508 |      0 |    244 |     63 |   1 |  508.0 |
               +--------+--------+--------+--------+--------+-----+--------+

Top non-repeatable levels by time:
Depths:4: 6356 daAuts
   Elf:3: 4931 daAuts
   Zot:5: 4442 daAuts
 Swamp:4: 4095 daAuts
    D:13: 3840 daAuts
Spider:4: 3755 daAuts
   Zot:2: 3552 daAuts
  Lair:5: 3412 daAuts
Depths:3: 3259 daAuts
Spider:3: 3137 daAuts
Depths:1: 2995 daAuts
    D:14: 2692 daAuts
    D:12: 2656 daAuts
Vaults:4: 2615 daAuts
   Orc:2: 2582 daAuts
